 Dungeon Sprint DCSS version 0.31-a0-128-g25add195a6 (webtiles) character file.

Game seed: 16166175892064286172

105 rocky1 the Grasshopper (level 4, -3/39 HPs)
             Began as a Gnoll Warper on June 2, 2023.
             Slain by a water elemental (9 damage)
             ... in the Dungeon (Sprint III: "The Ten Rune Challenge").
             The game lasted 00:02:26 (523 turns).

rocky1 the Grasshopper (Gnoll Warper)                Turns: 523, Time: 00:02:26

Health: -3/39      AC:  4    Str: 10    XL:     4   Next: 81%
Magic:  11/11      EV: 14    Int: 13    God:
Gold:   25         SH:  0    Dex: 19    Spells: 14/14 levels left

rFire   . . .        a - +0 falchion
rCold   . . .        (no shield)
rNeg    . . .        b - +0 leather armour
rPois   .            (helmet restricted)
rElec   .            (no cloak)
rCorr   .            (no gloves)
SInv    .            (no boots)
Will    .....        (no amulet)
Stlth   ++           f - +6 ring of dexterity
HPRegen 0.26/turn    (no ring)
MPRegen 0.12/turn

%: no teleportation
@: engulfed (cannot breathe), hasted, very quick
A: fangs 1, strong nose, distributed training, antennae 1, shaggy fur 1
a: no special abilities


You were in the Dungeon.
You visited 1 branch You collected 25 gold pieces.

Inventory:

Hand Weapons
 a - a +0 falchion (weapon)
Missiles
 d - 7 boomerangs of dispersal
Armour
 b - a +0 leather armour (worn)
Jewellery
 f - a +6 ring of dexterity (left hand)
Scrolls
 c - a scroll of blinking
 e - 3 scrolls of torment {unknown}
 k - 2 scrolls of identify
Potions
 h - 2 potions of magic
 i - a potion of berserk rage
 l - 3 potions of enlightenment
 m - 4 potions of mutation


   Skills:
 + Level 5.6 Fighting
 + Level 3.1 Short Blades
 + Level 5.6 Long Blades
 + Level 3.1 Axes
 + Level 3.1 Maces & Flails
 + Level 3.1 Polearms
 + Level 3.1 Staves
 + Level 3.1 Ranged Weapons
 + Level 4.1 Throwing
 + Level 4.1 Armour
 + Level 5.6 Dodging
 + Level 3.1 Stealth
 + Level 3.1 Shields
 + Level 3.1 Unarmed Combat
 + Level 5.9 Spellcasting
 + Level 2.5 Conjurations
 + Level 2.5 Hexes
 + Level 2.5 Summonings
 + Level 2.5 Necromancy
 + Level 6.0 Translocations
 + Level 2.5 Transmutations
 + Level 2.5 Fire Magic
 + Level 2.5 Ice Magic
 + Level 2.5 Air Magic
 + Level 2.5 Earth Magic
 + Level 2.5 Poison Magic
 + Level 3.4 Invocations
 + Level 3.1 Evocations


You had 14 spell levels left.
You didn't know any spells.
Your spell library contained the following spells:

 Spells                   Type           Power      Damage    Failure   Level
 Blink                    Tloc           38%        N/A       2%          2
 Lesser Beckoning         Tloc           38%        N/A       2%          2
 Teleport Other           Tloc           19%        N/A       5%          3
 Vhi's Electric Charge    Tloc/Air       30%        N/A       12%         3
 Manifold Assault         Tloc           19%        N/A       19%         4


Dungeon Overview and Level Annotations

Branches:
Dungeon (1/1)

Altars:


Innate Abilities, Weirdness & Mutations

You have very sharp teeth.
Your uncanny sense of smell can sniff out nearby items.
Your experience applies equally to all skills.
You have a pair of small antennae on your head.
You are covered in fur. (AC +1)


Message History

m - 3 potions of mutation (gained 1);
m - 5 potions of mutation (gained 2) Really quaff the potion of mutation?
You feel extremely strange. Fur sprouts all over your body.
A pair of antennae grows on your head!
There is an open door here.
You enter the shallow water.
Moving in this stuff is going to be slow.
You open the door.
A water elemental comes into view.
Okay, then.
Aiming: Fastroot
Press: ? - help, Q - select action, (/) - cycle Shift-Dir - straight line, f - water elemental
Aim: a water elemental (dormant)
The roots erupt in riotous growth!
Roots grab the water elemental.
The grasping roots constrict the water elemental.
The water elemental struggles to escape constriction.
Aiming: Fastroot
Press: ? - help, Q - select action, (/) - cycle Shift-Dir - straight line, f - you, p - water elemental The roots erupt in riotous growth!
The now-empty wand crumbles to dust.
The grasping roots constrict the water elemental!
The water elemental escapes!
Unknown command.
You feel yourself speed up.
You barely miss the water elemental.
The water elemental is heavily damaged.
The water elemental hits you!
You hit the water elemental.
The water elemental is heavily damaged.
You completely miss the water elemental.
The water elemental is heavily damaged.
The water elemental hits you!
* * * LOW HITPOINT WARNING * * *
The water elemental engulfs you in water!
You slash the water elemental!
The water elemental is almost destroyed.
* * * LOW HITPOINT WARNING * * *
Your lungs strain for air!
The water elemental hits you!
You die...

▓▓▓▓▓▓▓▓▓▓▓▓ ▓▓▓
<.#..'.....♣ ♣.#
..#..#.....♣ ♣.#
#'####.....♣♣ ♣.#∆
.†...#....~.♣♣♣♣.# #+#+#
.....#...~~....♣.#......
.....#..~~~~...♣@E.⌠....
####'#..~≈≈~~~...#...###
.....#.~~≈~~~....# ⌠.#
...).#.~≈~~~.....# .#∆
.....#.~~~.......# #
'#####...........# ∆∆
.................#
▓▓▓▓▓▓▓▓▓▓▓▓▓▓▓▓▓▓


You could see a water elemental.

Vanquished Creatures
  A scorpion (D)
  Jessica (D)
  A human (D)
  An endoplasm (D)
  2 rats (D)
6 creatures vanquished.

Notes
Turn   | Place    | Note
-------+----------+-------------------------------------------
     0 | D        | rocky1 the Gnoll Warper began the quest for the Orb.
     0 | D        | Reached XP level 1. HP: 20/20 MP: 6/6
    14 | D        | Noticed Jessica
    25 | D        | Killed Jessica
    26 | D        | Reached skill level 1 in Short Blades
    26 | D        | Reached skill level 1 in Axes
    26 | D        | Reached skill level 1 in Maces & Flails
    26 | D        | Reached skill level 1 in Polearms
    26 | D        | Reached skill level 1 in Staves
    26 | D        | Reached skill level 1 in Ranged Weapons
    26 | D        | Reached skill level 1 in Stealth
    26 | D        | Reached skill level 1 in Shields
    26 | D        | Reached skill level 1 in Unarmed Combat
    26 | D        | Reached skill level 5 in Spellcasting
    26 | D        | Reached skill level 1 in Conjurations
    26 | D        | Reached skill level 1 in Hexes
    26 | D        | Reached skill level 1 in Summonings
    26 | D        | Reached skill level 1 in Necromancy
    26 | D        | Reached skill level 1 in Transmutations
    26 | D        | Reached skill level 1 in Fire Magic
    26 | D        | Reached skill level 1 in Ice Magic
    26 | D        | Reached skill level 1 in Air Magic
    26 | D        | Reached skill level 1 in Earth Magic
    26 | D        | Reached skill level 1 in Poison Magic
    26 | D        | Reached skill level 1 in Evocations
    26 | D        | Reached XP level 2. HP: 14/26 MP: 8/8
    26 | D        | Reached XP level 3. HP: 17/32 MP: 9/9
    27 | D        | Reached skill level 5 in Fighting
    27 | D        | Reached skill level 5 in Long Blades
    27 | D        | Reached skill level 5 in Dodging
   235 | D        | Noticed a scorpion
   254 | D        | Killed a scorpion
   255 | D        | Reached skill level 6 in Translocations
   255 | D        | Reached XP level 4. HP: 24/39 MP: 9/11
   495 | D        | Gained mutation: You are covered in fur. (AC +1) [potion of
                  | mutation]
   495 | D        | Gained mutation: You have a pair of small antennae on your
                  | head. [potion of mutation]
   516 | D        | Noticed a water elemental
   523 | D        | Slain by a water elemental

Illustrated notes

Levels and vault maps discovered:
D:        dungeon_sprint_mu [sprint_mu_entry_forest, sprint_mu_temple_rooms,
          sprint_mu_d1_spiders, sprint_mu_d2_genie, sprint_mu_d3_branching,
          sprint_mu_orc_legion, sprint_mu_elf_gauntlet, sprint_mu_hive_nellie,
          sprint_mu_lair_fedhas, sprint_mu_vaults_butterflies,
          sprint_mu_slime_circle, sprint_mu_shoals_archi,
          sprint_mu_snake_twists, sprint_mu_blade_basic,
          sprint_mu_crypt_fortress, sprint_mu_tomb_spiral,
          sprint_mu_vestibule_basic, sprint_mu_gehenna_hellfire,
          sprint_mu_dis_giant, sprint_mu_tartarus_statrot,
          sprint_mu_cocytus_islands, sprint_mu_zot1]

Skill      XL: |  1  2  3  4 |
---------------+-------------+-----
Short Blades   | 1 2 3 |  3.1
Axes           | 1 2 3 |  3.1
Maces & Flails | 1 2 3 |  3.1
Polearms       | 1 2 3 |  3.1
Staves         | 1 2 3 |  3.1
Ranged Weapons | 1 2 3 |  3.1
Throwing       | 3 4 |  4.1
Armour         | 3 4 |  4.1
Stealth        | 1 2 3 |  3.1
Shields        | 1 2 3 |  3.1
Unarmed Combat | 1 2 3 |  3.1
Spellcasting   | 5 |  5.9
Conjurations   | 1 2 |  2.5
Hexes          | 1 2 |  2.5
Summonings     | 1 2 |  2.5
Necromancy     | 1 2 |  2.5
Transmutations | 1 2 |  2.5
Fire Magic     | 1 2 |  2.5
Ice Magic      | 1 2 |  2.5
Air Magic      | 1 2 |  2.5
Earth Magic    | 1 2 |  2.5
Poison Magic   | 1 2 |  2.5
Invocations    | 2 3 |  3.4
Evocations     | 1 2 3 |  3.1
Fighting       | 5 |  5.6
Long Blades    | 5 |  5.6
Dodging        | 5 |  5.6
Translocations | 6 |  6.0

Action                     |  1- 3 |  4- 6 || total
---------------------------+-------+-------++-------
  Melee: Falchion          |    20 |     9 ||    29
         Bite              |     1 |       ||     1
         Punch             |     1 |       ||     1
  Evoke: Wand              |     3 |     4 ||     7
    Use: Potion            |     2 |     2 ||     4
         Scroll            |     1 |       ||     1
 Armour: Leather armour    |     3 |     1 ||     4
  Dodge: Dodged            |    23 |     4 ||    27

Table legend: (Time is in decaauts)
 A = Elapsed time spent in this place.
 B = Non-inter-level travel time spent in this place.
 C = Inter-level travel time spent in this place.
 D = Time resting spent in this place.
 E = Time spent auto-exploring this place.
 F = Levels seen in this place.
 G = Mean time per level.
                   A        B        C        D        E       F      G
               +--------+--------+--------+--------+--------+-----+--------+
         Total |    525 |    525 |      0 |    378 |      0 |   1 |  525.0 |
       Dungeon |    525 |    525 |      0 |    378 |      0 |   1 |  525.0 |
               +--------+--------+--------+--------+--------+-----+--------+

Top non-repeatable levels by time:
       D: 525 daAuts
